 Dungeon Crawl Stone Soup version 0.22-a0-126-g307c7c3 (webtiles) character file.

168 pkoi the Slasher (level 5, -7/45 HPs)
             Began as a Minotaur Fighter on Jan 31, 2018.
             Mangled by an iguana (11 damage)
             ... on level 3 of the Dungeon.
             The game lasted 00:04:46 (3049 turns).

pkoi the Slasher (Minotaur Fighter)                 Turns: 3049, Time: 00:04:47

Health: -7/45      AC:  8    Str: 21    XL:     5   Next: 24%
Magic:  4/4        EV:  7    Int:  5    God:
Gold:   152        SH:  9    Dex: 10    Spells: 4/4 levels left

rFire    . . .     SeeInvis .   a - +0 long sword
rCold    . . .     Gourm    .   c - +0 shield
rNeg     . . .     Faith    .   b - +0 scale mail
rPois    .         Spirit   .   (helmet restricted)
rElec    .         Reflect  .   u - +0 cloak
rCorr    .         Harm     .   (no gloves)
MR       .....                  (no boots)
Stlth    ..........             (no amulet)
HPRegen  0.15/turn              (no ring)
MPRegen  0.09/turn              (no ring)

@: no status effects
A: retaliatory headbutt, horns 2
a: no special abilities


You were on level 3 of the Dungeon.
You were not hungry.

You visited 1 branch of the dungeon, and saw 4 of its levels.

You collected 152 gold pieces.

Inventory:

Hand Weapons
 a - a +0 long sword (weapon)
 r - a +2 dagger of venom
Armour
 b - a +0 scale mail (worn)
 c - a +0 shield (worn)
 u - a +0 cloak (worn)
Jewellery
 n - a cursed -5 ring of evasion {unknown}
Scrolls
 e - a scroll of remove curse {unknown}
 g - 2 scrolls of identify {unknown}
 j - 2 scrolls of teleportation {unknown}
 l - a scroll of random uselessness {unknown}
 m - a scroll of enchant armour {unknown}
 o - a scroll of amnesia {unknown}
 q - a scroll of magic mapping {unknown}
 t - a scroll of immolation {unknown}
 v - a scroll of fog {unknown}
Potions
 d - 5 potions of might
 h - a potion of curing {unknown}
 i - 2 potions of lignification {unknown}
 k - a potion of haste {unknown}
 p - a potion of magic {unknown}
 w - a potion of agility {unknown}
Comestibles
 f - 4 rations


   Skills:
 - Level 3.6 Fighting
 + Level 6.7 Long Blades
 - Level 3.6 Armour
 - Level 3.6 Shields


You had 4 spell levels left.
You didn't know any spells.

Dungeon Overview and Level Annotations

Branches:
Dungeon (4/15)
 Temple: D:4-7

Altars:
Cheibriados
Elyvilon
Makhleb

Annotations:
D:4 Edmund


Innate Abilities, Weirdness & Mutations

You reflexively headbutt those who attack you in melee.
You have a pair of horns on your head.


Message History

You climb upwards.
There is a stone staircase leading down here.
You closely miss the iguana. Your headbutt misses the iguana.
The iguana bites you!
* * * LOW HITPOINT WARNING * * *
Your shield prevents you from hitting the iguana.
Your headbutt misses the iguana. The iguana bites you.
* * * LOW HITPOINT WARNING * * *
You hit the iguana. Your headbutt misses the iguana.
The iguana is lightly wounded.
The iguana bites you!
* * * LOW HITPOINT WARNING * * *
You hit the iguana but do no damage.
The iguana is lightly wounded.
The iguana bites you.
* * * LOW HITPOINT WARNING * * *
You hit the iguana.
The iguana is moderately wounded.
The iguana bites you!
You die...

.#.....#......# #.##..
.##...##......# #.##..
..##_##.......# #.##.#
...###........# #.##.#
..............# ########.##.#
..............# #............
...####'#############.######.#...
...# #)#...........#.#..#...#...
...# #.'.......@........#.#.....
...# ###.......l...#.#......#...
...# #...........#.#......#...
#### #############.#..#.###...
#.#.......... #.#..#####...
#.#..#....... #########
#.#..######.. ........#
#.#......>...


You could see an iguana.

Vanquished Creatures
  A hound (D:3)
  Robin (D:3)
  2 adders (D:2)
  3 worms
  3 dart slugs
  A leopard gecko (D:2)
  10 bats
  3 giant cockroaches
  19 goblins
  9 hobgoblins
  12 jackals
  2 quokkas
  A ball python (D:2)
  4 frilled lizards
  8 kobolds
  7 rats
86 creatures vanquished.

Notes
Turn   | Place    | Note
-------+----------+-------------------------------------------
     0 | D:1      | pkoi the Minotaur Fighter began the quest for the Orb.
     0 | D:1      | Reached XP level 1. HP: 19/19 MP: 0/0
   126 | D:1      | Reached skill level 3 in Long Blades
   249 | D:1      | Reached XP level 2. HP: 26/26 MP: 1/1
   423 | D:1      | Reached skill level 4 in Long Blades
   668 | D:2      | Reached XP level 3. HP: 31/31 MP: 2/2
  1036 | D:2      | Reached skill level 5 in Long Blades
  1086 | D:2      | Reached XP level 4. HP: 24/39 MP: 3/3
  1292 | D:2      | Found a snail-covered altar of Cheibriados.
  2123 | D:3      | Found a burning altar of Makhleb.
  2125 | D:3      | Reached skill level 6 in Long Blades
  2300 | D:3      | Noticed Robin
  2319 | D:3      | Reached XP level 5. HP: 22/45 MP: 4/4
  2537 | D:3      | Killed Robin
  2691 | D:3      | Found a white marble altar of Elyvilon.
  3033 | D:4      | Noticed Edmund
  3049 | D:3      | Mangled by an iguana

Vault maps used:
D:1:      minmay_arrival_stone_box
D:2:      lemuel_crystal_altar
D:3:      makhleb_heckhound_becter, marbit_many_paths, uniq_robin
D:4:      vehumet_statue, lemuel_doored_altar, uniq_edmund

Skill      XL: |  1  2  3  4 |
---------------+-------------+-----
Long Blades    | 3 4 5 6 |  6.7
Fighting       | |  3.6
Armour         | |  3.6
Shields        | |  3.6

Action                   |  1- 3 |  4- 6 || total
-------------------------+-------+-------++-------
Melee: Long sword        |    96 |    95 ||   191
       Headbutt          |     9 |    15 ||    24
  Eat: Chunk             |     1 |     6 ||     7
Armor: Scale mail        |    37 |    65 ||   102
Dodge: Dodged            |    30 |    48 ||    78
Block: Shield            |    53 |    82 ||   135
       Rpst.: Long sword |     6 |    10 ||    16

Table legend:
 A = Spawn XP
 B = Non-spawn XP
 C = Spawn XP percentage of total XP
 D = Spawn monster count
 E = Non-spawn monster count
 F = Spawn count percentage of total count
 G = Total turns spent on level
                    A         B        C        D         E        F      G
               +---------+---------+-------+---------+---------+-------+---------
         Total |       0 |     241 |   0.0 |       0 |      86 |   0.0 |  3049
               +---------+---------+-------+---------+---------+-------+---------
           D:1 |       0 |      37 |   0.0 |       0 |      20 |   0.0 |   653
           D:2 |       0 |      92 |   0.0 |       0 |      34 |   0.0 |  1319
           D:3 |       0 |     112 |   0.0 |       0 |      32 |   0.0 |  1066
               +---------+---------+-------+---------+---------+-------+---------
